AoeStats
← Karakuyruk

Marketplace

504237110Analyzed
1v1 RM · 27d ago on Sep 4, 2026· 24m 14s· 2 players
Game mode
Random Map
Map size
Tiny (2 player)
Population
200
Speed
Normal
Resources
Standard
Victory
Conquest
Starting age
Dark Age
Ending age
Imperial Age
RankedLock teamsTeams togetherTeam positionsShared explorationLock speedFull tech treeHidden civsTurbo modeCheats
Victory
Defeat
🇦🇷 Japanese · Argentina
702
+14
🇹🇷 Goths · Türkiye
668
-14
Karakuyruk
0:36 Loom
13:41 Feudal Age
14:59 Wheelbarrow
14:15 Town Watch
14:19 Double-Bit Axe
16:58 Man-at-Arms
18:51 Gold Mining
18:53 Stone Mining
18:47 Horse Collar
19:13 Scale Mail Armor
21:04 Forging
lucasretamar
11:55 Feudal Age
12:24 Town Watch
12:26 Double-Bit Axe
19:52 Castle Age
17:24 Man-at-Arms
19:12 Stone Mining
23:21 Fletching
Connection lost

Rejoining the realm…

Still unreachable

The connection could not be restored.

Session expired

The server has moved on; the page needs a fresh start.